 Dungeon Crawl Stone Soup version 0.28-a0-1406-ga8dd43b1d0 (webtiles) character file.

Game seed: 17269152722740266402

113 Lekart the Skirmisher (level 4, -9/42 HPs)
             Began as a Draconian Fighter on Jan 6, 2022.
             Mangled by Sigmund (11 damage)
             ... on level 2 of the Dungeon.
             The game lasted 00:02:40 (1585 turns).

Lekart the Skirmisher (Draconian Fighter)           Turns: 1585, Time: 00:02:40

Health: -9/42      AC:  5    Str: 18    XL:     4   Next: 65%
Magic:  4/4        EV: 12    Int:  8    God:
Gold:   41         SH:  0    Dex: 13    Spells: 3/3 levels left

rFire   . . .      SeeInvis .   a - +0 long sword
rCold   . . .      Faith    .   b - +0 buckler
rNeg    . . .      Spirit   .   (armour unavailable)
rPois   .          Reflect  .   (helmet restricted)
rElec   .          Harm     .   (no cloak)
rCorr   .          Rampage  .   (no gloves)
Will    .....                   (no boots)
Stlth   +.........              (no amulet)
HPRegen 0.14/turn               (no ring)
MPRegen 0.09/turn               (no ring)

@: confused
A: AC +5, unfitting armour, cold-blooded
a: no special abilities


You were on level 2 of the Dungeon.
You visited 1 branch of the dungeon, and saw 2 of its levels.

You collected 41 gold pieces.

Inventory:

Hand Weapons
 a - a +0 long sword (weapon)
Armour
 b - a +0 buckler (worn)
Scrolls
 d - 2 scrolls of identify
 f - 2 scrolls of silence


   Skills:
 * Level 5.0 Fighting
 + Level 3.5 Long Blades
 - Level 2.6 Dodging
 - Level 3.0 Shields


You had 3 spell levels left.
You didn't know any spells.
Your spell library contained the following spells:

 Spells                   Type           Power      Damage    Failure   Level
 Freeze                   Ice            0%         1d3       50%         1


Dungeon Overview and Level Annotations

Branches:
Dungeon (2/15)

Altars:
Ashenzari

Annotations:
D:1 exclusion: 2 downstairs
D:2 Sigmund


Innate Abilities, Weirdness & Mutations

Your plain brown scales are hard. (AC +5)
You cannot fit into any form of body armour.
You are cold-blooded and may be slowed by cold attacks.


Message History

Sigmund hits you with a +0 scythe!
You slash Sigmund!
Sigmund is moderately wounded.
Sigmund misses you.
You barely miss Sigmund.
Sigmund is moderately wounded.
You closely miss Sigmund.
Sigmund is moderately wounded.
Sigmund barely misses you.
You barely miss Sigmund.
Your tail-slap misses Sigmund.
Sigmund is moderately wounded.
Sigmund hits you with a +0 scythe.
You hit Sigmund.
Sigmund is moderately wounded.
Sigmund gestures at you while chanting. The puff of flame hits you.
You hit Sigmund.
Sigmund is heavily wounded.
Sigmund misses you.
You slash Sigmund!
Sigmund is almost dead.
Sigmund mumbles some strange words.
Sigmund flickers and vanishes!
Deactivating autopickup; reactivate with Ctrl-A.
You miss something. Something hits you.
You closely miss something.
You hear some strange, mumbled words.
You are confused.
You barely miss something. Something barely misses you.
You're too confused to move!
You hear some strange, mumbled words.
You are more confused.
You're too confused to move!
Something hits you.
You bump into the rock wall.
Something hits you!
* * * LOW HITPOINT WARNING * * *
You barely miss something.
You're too confused to move!
Something hits you.
* * * LOW HITPOINT WARNING * * *
Something hits you!
You die...

#......# ##...## #.....†#
##.....############
#......#####.......##........#
#.........##.......##...<....#
#..###'##.##.......##.........
#..#....#..##.....###.........
#. #....#..##.....###.........
# #....#..#.......##........#
#....#..#.@............<...
#....#..........##........#
######.###{....###........#
...# ##...## ########## #####
#####


There were no monsters in sight!

Vanquished Creatures
  A scorpion (D:2)
  An adder (D:2)
  A worm (D:2)
  2 dart slugs (D:2)
  2 endoplasms
  A giant cockroach (D:2)
  3 goblins
  3 hobgoblins (D:2)
  A kobold (D:1)
  A quokka (D:1)
  10 ball pythons
  6 bats
  2 frilled lizards (D:1)
  9 rats
43 creatures vanquished.

Vanquished Creatures (others)
  3 fungi (D:2)
  2 plants (D:2)
5 creatures vanquished.

Grand Total: 48 creatures vanquished

Notes
Turn   | Place    | Note
-------+----------+-------------------------------------------
     0 | D:1      | Lekart the Draconian Fighter began the quest for the Orb.
     0 | D:1      | Reached XP level 1. HP: 19/19 MP: 1/1
   184 | D:1      | Reached XP level 2. HP: 27/27 MP: 2/2
   231 | D:1      | Reached skill level 4 in Fighting
   904 | D:2      | Noticed Sigmund
  1152 | D:2      | Reached XP level 3. HP: 32/34 MP: 3/3
  1289 | D:2      | Found a faded altar of an unknown god.
  1298 | D:2      | Got Plato's Papyrus of Ice
  1370 | D:2      | Found a broken altar of Ashenzari.
  1483 | D:2      | Noticed a scorpion
  1494 | D:2      | Killed a scorpion
  1495 | D:2      | Reached skill level 5 in Fighting
  1495 | D:2      | Reached XP level 4. HP: 33/42 MP: 4/4
  1584 | D:2      | HP: 2/42 [something (1)]
  1585 | D:2      | Mangled by Sigmund

Illustrated notes

Levels and vault maps discovered:
D:1:      eino_arrival_water_cross, layout_rooms
D:2:      layout_rooms, shapermc_ecumenical_altar_rom_forum, basic_altar,
          nrook_mini_vaults, minmay_shallow_snake_nest, uniq_sigmund

Skill      XL: |  1  2  3 |
---------------+----------+-----
Fighting       | 4 5 |  5.0
Long Blades    | 3 |  3.5
Dodging        | |  2.6
Shields        | |  3.0

Action                   |  1- 3 |  4- 6 || total
-------------------------+-------+-------++-------
Melee: Long sword        |   111 |    15 ||   126
       Tailslap          |     9 |     2 ||    11
  Use: Scroll            |     2 |       ||     2
       Potion            |     1 |       ||     1
 Stab: Sleeping          |     1 |       ||     1
Armor: Skin              |    53 |     1 ||    54
Dodge: Dodged            |    87 |     4 ||    91
Block: Buckler           |    38 |     1 ||    39

Table legend: (Time is in decaauts)
 A = Elapsed time spent in this place.
 B = Non-inter-level travel time spent in this place.
 C = Inter-level travel time spent in this place.
 D = Time resting spent in this place.
 E = Time spent auto-exploring this place.
 F = Levels seen in this place.
 G = Mean time per level.
                   A        B        C        D        E       F      G
               +--------+--------+--------+--------+--------+-----+--------+
         Total |   1628 |   1568 |     60 |    306 |    935 |   2 |  814.0 |
       Dungeon |   1628 |   1568 |     60 |    306 |    935 |   2 |  814.0 |
               +--------+--------+--------+--------+--------+-----+--------+

Top non-repeatable levels by time:
     D:1: 971 daAuts
     D:2: 657 daAuts
